 Dungeon Crawl Stone Soup version 0.22.0-5-gf09313c8f9 (webtiles) character file.

5578 Skyman the Blocker (level 10, -8/86 HPs)
             Began as a Minotaur Fighter on Aug 13, 2018.
             Was a Believer of Qazlal.
             Killed from afar by a fire dragon (60 damage)
             ... with a blast of flame
             ... on level 9 of the Dungeon.
             The game lasted 00:59:02 (8424 turns).

Skyman the Blocker (Minotaur Fighter)               Turns: 8424, Time: 00:59:02

Health: -8/86      AC: 15    Str: 24    XL:     10   Next: 44%
Magic:  9/10       EV:  7    Int:  7    God:    Qazlal [**....]
Gold:   272        SH: 16    Dex: 12    Spells: 9/9 levels left

rFire    . . .     SeeInvis .   j - +5 short sword (drain)
rCold    . . .     Gourm    .   c - +0 shield
rNeg     . . .     Faith    .   z - +0 plate armour
rPois    +         Spirit   .   (helmet restricted)
rElec    .         Reflect  .   A - +0 cloak
rCorr    .         Harm     .   (no gloves)
MR       .....                  (no boots)
Stlth    ..........             (no amulet)
HPRegen  0.24/turn              l - ring of poison resistance
MPRegen  0.12/turn              b - +2 ring of intelligence

@: no status effects
A: retaliatory headbutt, claws 1, horns 2, strong 1
a: Upheaval, Renounce Religion


You were on level 9 of the Dungeon.
You worshipped Qazlal.
Qazlal was pleased with you.
You were not hungry.

You visited 2 branches of the dungeon, and saw 10 of its levels.
You also visited: Ossuary.

You collected 472 gold pieces.
You spent 200 gold pieces at shops.

Inventory:

Hand Weapons
 j - a +5 short sword of draining (weapon)
 B - a +1 falchion of protection
 D - a +0 shortbow
 I - a +0 dagger of chaos
Missiles
 k - 239 stones (quivered)
 q - 17 poisoned needles
 r - 147 arrows
 x - 5 needles of sleeping
Armour
 c - a +0 shield (worn)
 z - a +0 plate armour (worn)
 A - a +0 cloak (worn)
 K - a +2 robe of fire resistance
Jewellery
 b - a +2 ring of intelligence (right claw)
 l - a ring of poison resistance (left claw)
Wands
 h - a wand of polymorph (18)
 t - a wand of digging (27)
 y - a wand of disintegration (38)
Scrolls
 a - a scroll of vulnerability
 i - 8 scrolls of identify
 n - 3 scrolls of remove curse
 v - a scroll of magic mapping
 E - a scroll of teleportation
 H - a scroll of amnesia
 J - a scroll of torment
Potions
 d - 2 potions of might
 e - 3 potions of berserk rage
 g - a potion of flight {unknown}
 m - 2 potions of agility
 o - 3 potions of brilliance
 p - a potion of mutation
 s - a potion of resistance
 u - a potion of ambrosia {unknown}
 w - 2 potions of curing
 F - 2 potions of heal wounds
 G - a potion of haste {unknown}
Miscellaneous
 C - a crystal ball of energy
Comestibles
 f - 18 rations


   Skills:
 + Level 7.4 Fighting
 + Level 10.2 Short Blades
 + Level 9.4 Armour
 + Level 2.6 Dodging
 + Level 1.3 Stealth
 + Level 10.3 Shields
 + Level 1.4 Invocations


You had 9 spell levels left.
You didn't know any spells.
Your spell library contained the following spells:

 Spells                   Type           Power        Failure   Level  Hunger
 Apportation              Tloc           #.....       100%        1    ##.....
 Confuse                  Hex            #.......     100%        3    ####...
 Summon Small Mammal      Summ           #...         100%        1    ##.....
 Animate Skeleton         Necr           N/A          100%        1    ##.....
 Confusing Touch          Hex            #.....       100%        1    ##.....
 Metabolic Englaciation   Hex/Ice        #.........   100%        5    ######.
 Petrify                  Tmut/Erth      #.......     100%        4    #####..
 Gell's Gravitas          Tloc           #.........   100%        3    ####...
 Yara's Violent Unravell  Hex/Tmut       #.........   100%        5    ######.


Dungeon Overview and Level Annotations

Branches:
Dungeon (9/15)             Temple (1/1) D:4
   Lair: D:8-11         Orc: D:9-12

Altars:
Ashenzari
Elyvilon
Fedhas
Gozag
Kikubaaqudgha
Makhleb
Okawaru
Qazlal
Sif Muna
Trog
Uskayaw
Vehumet
Wu Jian
Zin
The Shining One

Shops:
D:6 }


Innate Abilities, Weirdness & Mutations

You reflexively headbutt those who attack you in melee.
You have a pair of horns on your head.
You have sharp fingernails.
Your muscles are strong. (Str +2)


Message History

The five-headed hydra is almost dead.
Unknown command.
You puncture the five-headed hydra!
The five-headed hydra is almost dead.
The five-headed hydra bites you.
You block the five-headed hydra's attack.
The five-headed hydra bites you!
You block the five-headed hydra's attack.
The five-headed hydra bites you.
Your shield and plate armour prevent you from hitting the five-headed hydra.
The five-headed hydra is almost dead.
Unknown command.
You hit the five-headed hydra.
You kill the five-headed hydra!
Qazlal accepts your kill.
You feel better. The fire dragon breathes flames at you.
The blast of flame hits you!
Ouch! That really hurt!
You die...

..§ #####+######
...§#..........##
...§§..<.........
..§§§......####
..§§§....@##
..§§#...§## .§.
#...D8 .. #.##...
. #. #... .$
..8.. ## ..##. ..


You could see a fire dragon.

Vanquished Creatures
  A hydra (D:9)
  A two-headed ogre (D:8)
  Psyche (D:8)
  4 hogs (D:7)
  Eustachio (D:6)
  A human (D:7)
  3 orc warriors
  3 ice beasts
  2 sky beasts
  A black bear (D:8)
  A centaur (D:8)
  2 phantoms
  4 ogres
  5 elf zombies (Ossuary)
  3 bullfrogs
  A scorpion (D:7)
  A crimson imp (D:6)
  4 centaur zombies (Ossuary)
  A hound (D:5)
  3 human zombies (Ossuary)
  2 bullfrog zombies (D:7)
  3 jellies
  A bullfrog skeleton (D:7)
  3 orc priests
  2 centaur skeletons
  4 orc wizards
  3 iguanas
  4 worker ants
  A killer bee zombie (D:8)
  3 mummies (Ossuary)
  A worker ant zombie (D:4)
  6 adders
  A howler monkey skeleton (D:7)
  2 oozes
  An adder zombie (D:7)
  2 adder skeletons
  A worm (D:2)
  2 dart slugs
  A leopard gecko (D:6)
  16 orcs
  2 bats
  2 giant cockroaches
  2 goblins (D:1)
  7 hobgoblins
  14 jackals
  3 kobolds
  5 quokkas
  3 frilled lizards
  A jackal skeleton (D:6)
  4 rats
145 creatures vanquished.

Notes
Turn   | Place    | Note
-------+----------+-------------------------------------------
     0 | D:1      | Skyman the Minotaur Fighter began the quest for the Orb.
     0 | D:1      | Reached XP level 1. HP: 19/19 MP: 0/0
   599 | D:1      | Reached XP level 2. HP: 27/27 MP: 1/1
   946 | D:2      | Reached XP level 3. HP: 15/33 MP: 2/2
  1274 | D:2      | Found a white marble altar of Elyvilon.
  1350 | D:2      | Found an ancient bone altar of Kikubaaqudgha.
  1352 | D:2      | Found an ornate altar of the Wu Jian Council.
  1353 | D:2      | Found a stormy altar of Qazlal.
  1373 | D:2      | Found an opulent altar of Gozag.
  1579 | D:2      | Became a worshipper of Qazlal Stormbringer
  2084 | D:3      | Found a radiant altar of Vehumet.
  2202 | D:3      | Reached XP level 4. HP: 36/40 MP: 3/3
  2980 | D:4      | Found a staircase to the Ecumenical Temple.
  2992 | Temple   | Entered the Ecumenical Temple
  3528 | D:4      | Found a burning altar of Makhleb.
  3866 | D:4      | Found a blossoming altar of Fedhas.
  4032 | D:5      | Entered Level 5 of the Dungeon
  4108 | D:5      | Found a glowing golden altar of the Shining One.
  4217 | D:5      | Reached skill level 5 in Shields
  4217 | D:5      | Reached XP level 5. HP: 38/46 MP: 4/4
  4255 | D:5      | Reached skill level 5 in Armour
  4472 | D:5      | Noticed an ice beast
  4485 | D:5      | Killed an ice beast
  4485 | D:5      | Reached XP level 6. HP: 48/53 MP: 5/5
  5163 | D:5      | Reached skill level 1 in Dodging
  5273 | D:6      | Noticed a sky beast
  5278 | D:6      | Killed a sky beast
  5278 | D:6      | Reached skill level 1 in Stealth
  5278 | D:6      | Reached XP level 7. HP: 48/60 MP: 6/6
  5340 | D:6      | Found Teosak's Gadget Boutique.
  5345 | D:6      | Bought a crystal ball of energy for 200 gold pieces
  5398 | D:6      | Reached * piety under Qazlal
  5452 | D:6      | Reached skill level 5 in Short Blades
  5522 | D:6      | Reached skill level 5 in Fighting
  5890 | D:6      | Reached XP level 8. HP: 68/68 MP: 7/7
  5949 | D:6      | Noticed Eustachio
  5954 | D:6      | Killed Eustachio
  6420 | D:7      | Reached ** piety under Qazlal
  6642 | D:7      | Found a glowing silver altar of Zin.
  6893 | D:7      | Reached XP level 9. HP: 74/74 MP: 8/8
  7176 | D:8      | Found a sand-covered staircase.
  7190 | Ossuary  | Entered an ossuary
  7500 | Ossuary  | Reached *** piety under Qazlal
  7876 | D:8      | Reached XP level 10. HP: 82/84 MP: 3/9
  7893 | D:8      | Found a hide-covered altar of Uskayaw.
  7902 | D:8      | Noticed Psyche
  7915 | D:8      | Killed Psyche
  7915 | D:8      | Reached skill level 10 in Shields
  8065 | D:8      | Noticed a two-headed ogre
  8083 | D:8      | Killed a two-headed ogre
  8083 | D:8      | Reached skill level 10 in Short Blades
  8083 | D:8      | Reached skill level 1 in Invocations
  8129 | D:8      | Gained mutation: Your muscles are strong. (Str +2) [potion of mutation]
  8129 | D:8      | Gained mutation: You have sharp fingernails. [potion of mutation]
  8374 | D:8      | Found a glowing golden altar of the Shining One.
  8407 | D:9      | Noticed a fire dragon
  8409 | D:9      | Noticed a five-headed hydra
  8423 | D:9      | Killed a five-headed hydra
  8424 | D:9      | Killed from afar by a fire dragon

Skill      XL: |  1  2  3  4  5  6  7  8  9 10 |
---------------+-------------------------------+-----
Fighting       | 4 5 6 7 |  7.4
Shields        | 4 5 6 8 9 10 | 10.3
Armour         | 4 5 6 7 8 9 |  9.4
Short Blades   | 3 4 5 7 9 10 | 10.2
Dodging        | 1 2 |  2.6
Stealth        | 1 |  1.3
Invocations    | 1 |  1.4

Action                   |  1- 3 |  4- 6 |  7- 9 | 10-12 || total
-------------------------+-------+-------+-------+-------++-------
Melee: Rapier            |    43 |       |       |       ||    43
       Headbutt          |     6 |    20 |    93 |     8 ||   127
       Short sword       |    17 |    91 |   386 |    31 ||   525
Invok: Elemental Force   |       |       |     1 |     1 ||     2
  Use: Scroll            |     8 |     2 |     5 |     3 ||    18
       Potion            |       |       |     6 |     2 ||     8
  Eat: Ration            |     1 |     3 |     2 |       ||     6
       Chunk             |     1 |       |     2 |       ||     3
Armor: Scale mail        |    24 |    22 |       |       ||    46
       Plate armour      |       |    10 |   109 |    20 ||   139
Dodge: Dodged            |    22 |    21 |    56 |     4 ||   103
Block: Shield            |    37 |    38 |   190 |    19 ||   284
